 Dungeon Crawl Stone Soup version 0.23-a0-577-g2b1de94 (webtiles) character file.

84 MalarOregon the Poker (level 4, -4/37 HPs)
             Began as a Merfolk Abyssal Knight on Dec 14, 2018.
             Was a Believer of Lugonu.
             Slain by a gnoll
             ... wielding a +0 flail
              (8 damage)
             ... on level 2 of the Dungeon.
             The game lasted 00:01:59 (1254 turns).

MalarOregon the Poker (Merfolk Abyssal Knight)      Turns: 1254, Time: 00:02:00

Health: -4/37      AC:  3    Str: 12    XL:     4   Next: 45%
Magic:  5/5        EV: 13    Int: 12    God:    Lugonu [**....]
Gold:   13         SH:  0    Dex: 13    Spells: 3/3 levels left

rFire    . . .     SeeInvis .   a - +1 spear
rCold    . . .     Gourm    .   (no shield)
rNeg     . . .     Faith    .   b - +0 leather armour
rPois    .         Spirit   .   (no helmet)
rElec    .         Reflect  .   (no cloak)
rCorr    .         Harm     .   (no gloves)
MR       .....                  (no boots)
Stlth    +.........             (no amulet)
HPRegen  0.12/turn              (no ring)
MPRegen  0.09/turn              (no ring)

@: hasted, very quick
A: change form in water, swift swim, stealthy swim
a: Depart the Abyss, Bend Space, Renounce Religion


You were on level 2 of the Dungeon.
You worshipped Lugonu.
Lugonu was pleased with you.
You were not hungry.

You visited 1 branch of the dungeon, and saw 2 of its levels.
You visited the Abyss 1 time.

You collected 13 gold pieces.

Inventory:

Hand Weapons
 a - a +1 spear (weapon)
Armour
 b - a +0 leather armour (worn)
Scrolls
 d - a scroll of random uselessness
 h - a scroll of remove curse {unknown}
Potions
 c - a potion of haste {@q3}
 f - a potion of brilliance {unknown}
 g - a potion of heal wounds {unknown}
Comestibles
 e - 2 rations {!d}
 i - 8 chunks of flesh


   Skills:
 + Level 3.8 Fighting
 * Level 4.4 Polearms
 + Level 1.2 Armour
 + Level 3.5 Dodging
 + Level 2.6 Invocations


You had 3 spell levels left.
You didn't know any spells.
Your spell library was empty.

Dungeon Overview and Level Annotations

Branches:
Dungeon (2/15)

Altars:


Message History

No target in view!
No target in view!
No target in view!
No target in view!
No target in view!
No target in view!
No target in view!
No target in view!
No target in view!
No target in view!
You climb downwards.
The gnoll closely misses you. The gnoll misses you.
The gnoll closely misses you.
There is a stone staircase leading up here.
The gnoll hits you with a +0 spear. The gnoll hits you but does no damage.
The gnoll barely misses you.
You climb upwards.
There is a stone staircase leading down here.
You hit the gnoll but do no damage. The gnoll barely misses you. x2
The gnoll closely misses you.
You barely miss the gnoll.
The gnoll hits you from afar with a +0 spear.
The gnoll barely misses you.
You barely miss the gnoll. The gnoll hits you with a +0 flail.
The gnoll hits you from afar with a +0 spear.
The gnoll hits you from afar with a +2 vampiric spear!
* * * LOW HITPOINT WARNING * * *
As you read the scroll labeled DIR LOTEIMICAE, it crumbles to dust.
You smell coffee.
It was a scroll of random uselessness.
The gnoll barely misses you. The gnoll completely misses you.
The gnoll hits you from afar with a +2 vampiric spear.
* * * LOW HITPOINT WARNING * * *
The gnoll barely misses you. x2; The gnoll closely misses you.
You climb downwards.
There is a stone staircase leading up here.
You hit the gnoll. The gnoll hits you with a +0 flail.
* * * LOW HITPOINT WARNING * * *
You closely miss the gnoll. You hit the gnoll but do no damage.
The gnoll hits you with a +0 flail!
* * * LOW HITPOINT WARNING * * *
You see here a giant cockroach corpse.
Found 9 stones.
Found a stone staircase leading down.
There is a stone staircase leading up, spattered with blood here.
You see here a giant cockroach corpse.
A jackal comes into view.
The jackal barks!
There is a stone staircase leading up, spattered with blood here.
It was a potion of haste.
You feel yourself speed up. The gnoll hits you with a +0 flail!
You die...

.#.....#.##..##.#.....#...
...>..............###.....
..#.#....#...##....##..###
....(....#..........).....
#......###.........#.###
#..................#....
#.....#####........#####
#.....#.#......#.#....##
#.....g@†......+......##
#..............#......##
#......†......##.......+
#.#######.....###.....##
#. #.....# #.#.# # #
+....... .. #........ ###
#.....###


You could see a gnoll.

Vanquished Creatures
  A gnoll (D:1)
  2 adders (D:2)
  An ooze (D:1)
  2 worms (D:2)
  2 dart slugs
  2 giant cockroaches
  4 goblins
  3 hobgoblins (D:1)
  11 jackals
  2 kobolds (D:1)
  2 bats
  3 frilled lizards (D:1)
  6 rats
41 creatures vanquished.

Notes
Turn   | Place    | Note
-------+----------+-------------------------------------------
     0 | Abyss:1  | MalarOregon the Merfolk Abyssal Knight began the quest for
                  | the Orb.
     0 | Abyss:1  | Reached XP level 1. HP: 18/18 MP: 2/2
    60 | Abyss:1  | Noticed a small abomination
    66 | D:1      | Escaped the Abyss
    86 | D:1      | Reached XP level 2. HP: 17/24 MP: 3/3
   395 | D:1      | Reached skill level 1 in Armour
   566 | D:1      | Reached XP level 3. HP: 29/29 MP: 4/4
   979 | D:2      | Reached skill level 4 in Polearms
  1090 | D:2      | Reached ** piety under Lugonu
  1096 | D:2      | Reached XP level 4. HP: 35/37 MP: 5/5
  1227 | D:2      | HP: 1/37 [gnoll/+0 flail (7)]
  1254 | D:2      | Slain by a gnoll

Vault maps used:
D:1:      dpeg_arrival_radiant, serial_rivers, chequers_serial_rivers_room_b,
          chequers_serial_rivers_small_3, chequers_serial_rivers_small_3,
          chequers_serial_rivers_room_b, chequers_serial_rivers_marsh,
          chequers_serial_rivers_micro_c
D:2:      lemuel_zombie_altar_yredelemnul, first_ration

Skill      XL: |  1  2  3 |
---------------+----------+-----
Dodging        | 3 |  3.5
Armour         | 1 |  1.2
Polearms       | 4 |  4.4
Fighting       | |  3.8
Invocations    | |  2.6

Action                   |  1- 3 |  4- 6 || total
-------------------------+-------+-------++-------
Melee: Spear             |   115 |    40 ||   155
       Tailslap          |     1 |       ||     1
  Use: Scroll            |       |     1 ||     1
       Potion            |       |     1 ||     1
  Eat: Chunk             |     1 |       ||     1
Armor: Leather armour    |    10 |    28 ||    38
Dodge: Dodged            |    40 |    70 ||   110

Table legend:
 A = Non-vault XP
 B = Vault XP
 C = Vault XP percentage of total XP
 D = Non-vault monster count
 E = Vault monster count
 F = Vault count percentage of total count
                 A         B        C        D         E       F
            +---------+---------+-------+---------+---------+-------
      Total |     120 |       0 |   0.0 |      41 |       0 |   0.0
            +---------+---------+-------+---------+---------+-------
        D:1 |      60 |       0 |   0.0 |      25 |       0 |   0.0
        D:2 |      60 |       0 |   0.0 |      16 |       0 |   0.0
            +---------+---------+-------+---------+---------+-------
